| TOP OF THE 1ST |
|
Tulsa Drillers batting - Pitching for San Jose Giants : RHP Taylor Drews
|
|
Pitching: RHP Taylor Drews
|
|
|
Batting: LHB Cory Bowler
|
0-0: Fly out, F8 (Flyball, 8RD, EV 93.8 MPH)
|
|
Batting: SHB Ray Luna
|
0-0: Foul Ball, location: 2F 0-1: Called Strike 0-2: SINGLE (Groundball, 56D, EV 99.4 MPH)
|
|
Batting: LHB Bobby Gonzalez
|
0-0: Called Strike 0-1: Foul Ball, location: 2F 0-2: Strikes out swinging
|
|
Batting: LHB Nate Kee
|
0-0: Called Strike 0-1: Foul Ball, location: 2F 0-2: Ball 1-2: Ground out 4-3 (Groundball, 34, EV 80.0 MPH)
|
| Top of the 1st over - 0 runs, 1 hit, 0 errors, 1 left on base; Tulsa 0 - San Jose 0 |
| BOTTOM OF THE 1ST |
|
San Jose Giants batting - Pitching for Tulsa Drillers : RHP Mike Mik
|
|
Pitching: RHP Mike Mik
|
|
|
Batting: RHB Laroya Foronda
|
0-0: Ball 1-0: Called Strike 1-1: Ground out 6-3 (Groundball, 56, EV 102.5 MPH)
|
|
Batting: RHB Billy Pranger
|
0-0: Ball 1-0: Called Strike 1-1: Ball 2-1: Called Strike 2-2: Foul Ball, location: 2F 2-2: Ball 3-2: Fly out, F9 (Flyball, 89S, EV 85.6 MPH)
|
|
Batting: LHB Ryan Braden
|
0-0: Ball 1-0: Called Strike 1-1: Swinging Strike 1-2: Ball 2-2: Strikes out swinging
|
| Bottom of the 1st over - 0 runs, 0 hits, 0 errors, 0 left on base; Tulsa 0 - San Jose 0 |
| TOP OF THE 2ND |
|
Tulsa Drillers batting - Pitching for San Jose Giants : RHP Taylor Drews
|
|
Batting: RHB Justin Curran
|
0-0: Called Strike 0-1: Fly out, F7 (Flyball, 7, EV 82.5 MPH)
|
|
Batting: LHB Umar Matoub
|
0-0: Ball 1-0: Ball 2-0: Foul Ball, location: 2F 2-1: Foul Ball, location: 2F 2-2: Strikes out swinging
|
|
Batting: RHB Jerry Blas
|
0-0: Ball 1-0: Ball 2-0: Ground out 4-3 (Groundball, 4, EV 101.2 MPH)
|
| Top of the 2nd over - 0 runs, 0 hits, 0 errors, 0 left on base; Tulsa 0 - San Jose 0 |
| BOTTOM OF THE 2ND |
|
San Jose Giants batting - Pitching for Tulsa Drillers : RHP Mike Mik
|
|
Batting: SHB Mitchell Greene
|
0-0: Called Strike 0-1: Foul Ball, location: 2F 0-2: Strikes out swinging
|
|
Batting: RHB Guillermo Mojica
|
0-0: Ball 1-0: Ball 2-0: Called Strike 2-1: Ball 3-1: Base on Balls
|
|
Batting: RHB Mike Zepeda
|
0-0: Called Strike 0-1: Swinging Strike 0-2: Ball 1-2: Ball 2-2: Foul Ball, location: 2F 2-2: SINGLE (Line Drive, 3D, EV 99.4 MPH) Guillermo Mojica to second Runner from 2nd tries for 3rd, SAFE, throw by RF made to third
|
|
Batting: RHB Tony Mendez
|
0-0: Ball 1-0: Ball 2-0: Called Strike 2-1: Swinging Strike 2-2: Strikes out swinging
|
|
Batting: LHB Yeong-hun Joe
|
0-0: Called Strike 0-1: Ball 1-1: Foul Ball, location: 2F 1-2: Ball 2-2: Strikes out looking
|
| Bottom of the 2nd over - 0 runs, 1 hit, 0 errors, 2 left on base; Tulsa 0 - San Jose 0 |
| TOP OF THE 3RD |
|
Tulsa Drillers batting - Pitching for San Jose Giants : RHP Taylor Drews
|
|
Batting: LHB Joe Phillips
|
0-0: Ball 1-0: Called Strike 1-1: Swinging Strike 1-2: Ball 2-2: Ground out 4-3 (Groundball, 4, EV 104.4 MPH)
|
|
Batting: LHB Randy Boone
|
0-0: Called Strike 0-1: Foul Ball, location: 2F 0-2: Strikes out looking
|
|
Batting: LHB Cory Bowler
|
0-0: Ball 1-0: Fly out, F9 (Flyball, 9LM, EV 81.2 MPH)
|
| Top of the 3rd over - 0 runs, 0 hits, 0 errors, 0 left on base; Tulsa 0 - San Jose 0 |
| BOTTOM OF THE 3RD |
|
San Jose Giants batting - Pitching for Tulsa Drillers : RHP Mike Mik
|
|
Batting: RHB Adam Noyes
|
0-0: Ball 1-0: Reached on error, E9 (Line Drive, 89M, EV 87.5 MPH)
|
|
Batting: RHB Laroya Foronda
|
0-0: Called Strike 0-1: Ball 1-1: Ball 2-1: Called Strike Adam Noyes steals 2nd base (no throw) 2-2: Foul Ball, location: 2F 2-2: Ball 3-2: Foul Ball, location: 2F 3-2: Fly out, F9 (Flyball, 9LSF, EV 76.2 MPH)
|
|
Batting: RHB Billy Pranger
|
0-0: Called Strike 0-1: Foul Ball, location: 2F 0-2: Ball 1-2: Ball 2-2: Foul Ball, location: 2F 2-2: Foul Ball, location: 2F 2-2: Foul Ball, location: 2F 2-2: Strikes out looking
|
|
Batting: LHB Ryan Braden
|
0-0: Ball 1-0: Called Strike 1-1: Swinging Strike 1-2: Ball 2-2: Ball 3-2: SINGLE (Groundball, 56D, EV 109.4 MPH) Adam Noyes to third Runner from 3rd tries for Home, throw by LF and OUT! 7-2
|
| Bottom of the 3rd over - 0 runs, 1 hit, 1 error, 1 left on base; Tulsa 0 - San Jose 0 |
| TOP OF THE 4TH |
|
Tulsa Drillers batting - Pitching for San Jose Giants : RHP Taylor Drews
|
|
Batting: SHB Ray Luna
|
0-0: Foul Ball, location: 2F 0-1: Ball 1-1: Fly out, F9 (Flyball, 89S, EV 88.1 MPH)
|
|
Batting: LHB Bobby Gonzalez
|
0-0: SINGLE (Line Drive, 8RS, EV 97.5 MPH)
|
|
Batting: LHB Nate Kee
|
0-0: Ground out 4-3 (Groundball, 34, EV 100.0 MPH) Bobby Gonzalez to second
|
|
Batting: RHB Justin Curran
|
0-0: Ball 1-0: Swinging Strike 1-1: Foul Ball, location: 2F 1-2: Strikes out swinging
|
| Top of the 4th over - 0 runs, 1 hit, 0 errors, 1 left on base; Tulsa 0 - San Jose 0 |
| BOTTOM OF THE 4TH |
|
San Jose Giants batting - Pitching for Tulsa Drillers : RHP Mike Mik
|
|
Batting: SHB Mitchell Greene
|
0-0: Ground out U3 (Groundball, 3S, EV 85.6 MPH)
|
|
Batting: RHB Guillermo Mojica
|
0-0: Ball 1-0: Ball 2-0: Ball 3-0: Base on Balls
|
|
Batting: RHB Mike Zepeda
|
0-0: Called Strike 0-1: Foul Ball, location: 2F 0-2: Strikes out swinging
|
|
Batting: RHB Tony Mendez
|
0-0: Ball 1-0: Ball 2-0: Ball 3-0: Called Strike 3-1: Base on Balls Guillermo Mojica to second
|
|
Batting: LHB Yeong-hun Joe
|
0-0: Ball 1-0: Foul Ball, location: 2F 1-1: Called Strike 1-2: Fielders Choice at 2nd, 6-4 (Groundball, 6, EV 85.6 MPH)
|
| Bottom of the 4th over - 0 runs, 0 hits, 0 errors, 2 left on base; Tulsa 0 - San Jose 0 |
| TOP OF THE 5TH |
|
Tulsa Drillers batting - Pitching for San Jose Giants : RHP Taylor Drews
|
|
Batting: LHB Umar Matoub
|
0-0: Called Strike 0-1: Ball 1-1: Fly out, F7 (Flyball, 7, EV 84.4 MPH)
|
|
Batting: RHB Jerry Blas
|
0-0: Fly out, F8 (Flyball, 8RM, EV 96.2 MPH)
|
|
Batting: LHB Joe Phillips
|
0-0: Swinging Strike 0-1: Ball 1-1: Ground out U3 (Groundball, 3L, EV 90.6 MPH)
|
| Top of the 5th over - 0 runs, 0 hits, 0 errors, 0 left on base; Tulsa 0 - San Jose 0 |
| BOTTOM OF THE 5TH |
|
San Jose Giants batting - Pitching for Tulsa Drillers : RHP Mike Mik
|
|
Batting: RHB Adam Noyes
|
0-0: Ball 1-0: Ground out 4-3 (Groundball, 4, EV 80.0 MPH)
|
|
Batting: RHB Laroya Foronda
|
0-0: Ball 1-0: Foul Ball, location: 2F 1-1: Ball 2-1: Foul Ball, location: 2F 2-2: Strikes out looking
|
|
Batting: RHB Billy Pranger
|
0-0: Ball 1-0: Ball 2-0: Ball 3-0: Base on Balls
|
|
Batting: LHB Ryan Braden
|
0-0: Fly out, F9 (Flyball, 89M, EV 91.9 MPH)
|
| Bottom of the 5th over - 0 runs, 0 hits, 0 errors, 1 left on base; Tulsa 0 - San Jose 0 |
| TOP OF THE 6TH |
|
Tulsa Drillers batting - Pitching for San Jose Giants : RHP Taylor Drews
|
|
Batting: LHB Randy Boone
|
0-0: Hit by Pitch
|
|
Batting: LHB Cory Bowler
|
0-0: Called Strike 0-1: Fielders Choice at 2nd, 1-6 (Groundball, P, EV 68.1 MPH)
|
|
Batting: SHB Ray Luna
|
0-0: Ball 1-0: Grounds into double play, 4-6-3 (Groundball, 34, EV 78.8 MPH)
|
| Top of the 6th over - 0 runs, 0 hits, 0 errors, 0 left on base; Tulsa 0 - San Jose 0 |
| BOTTOM OF THE 6TH |
|
San Jose Giants batting - Pitching for Tulsa Drillers : RHP Mike Mik
|
|
Pitching: RHP Jon Schau
|
|
|
Batting: SHB Mitchell Greene
|
0-0: Ball 1-0: Ball 2-0: Ball 3-0: Called Strike 3-1: Foul Ball, location: 2F 3-2: Foul Ball, location: 2F 3-2: Ground out 5-3 (Groundball, 56S, EV 80.0 MPH)
|
|
Batting: RHB Guillermo Mojica
|
0-0: Called Strike 0-1: Called Strike 0-2: Strikes out looking
|
|
Batting: RHB Mike Zepeda
|
0-0: Ball 1-0: Ball 2-0: Ball 3-0: Called Strike 3-1: Called Strike 3-2: Foul Ball, location: 2F 3-2: Strikes out swinging
|
| Bottom of the 6th over - 0 runs, 0 hits, 0 errors, 0 left on base; Tulsa 0 - San Jose 0 |
| TOP OF THE 7TH |
|
Tulsa Drillers batting - Pitching for San Jose Giants : RHP Taylor Drews
|
|
Batting: LHB Bobby Gonzalez
|
0-0: Swinging Strike 0-1: Swinging Strike 0-2: Ball 1-2: Strikes out looking
|
|
Batting: LHB Nate Kee
|
0-0: Called Strike 0-1: Called Strike 0-2: Ball 1-2: Ball 2-2: Foul Ball, location: 2F 2-2: Foul Ball, location: 2F 2-2: Ball 3-2: SINGLE (Groundball, 4MD, EV 95.0 MPH)
|
|
Batting: RHB Justin Curran
|
0-0: Called Strike Nate Kee is caught stealing 2nd base 2-4 0-1: Ground out 4-3 (Groundball, 4, EV 98.8 MPH)
|
| Top of the 7th over - 0 runs, 1 hit, 0 errors, 0 left on base; Tulsa 0 - San Jose 0 |
| BOTTOM OF THE 7TH |
|
San Jose Giants batting - Pitching for Tulsa Drillers : RHP Jon Schau
|
|
Pitching: RHP Andy Rodriguez
|
|
|
Batting: RHB Tony Mendez
|
0-0: Ball 1-0: SINGLE (Groundball, 5S, EV 69.4 MPH) (infield hit)
|
|
Batting: LHB Yeong-hun Joe
|
0-0: Sac Bunt to 15 - play at first, batter OUT! 1-3 Tony Mendez to second
|
|
Pinch Hitting: LHB Ho-win Zhou
|
0-0: Foul Ball, location: 2F 0-1: Foul Ball, location: 2F 0-2: Ball 1-2: Ground out U3 (Groundball, 3, EV 84.4 MPH) Tony Mendez to third
|
|
Batting: RHB Laroya Foronda
|
0-0: Ball 1-0: Foul Ball, location: 2F 1-1: Ball 2-1: Foul Ball, location: 2F 2-2: Foul Ball, location: 2F 2-2: Ball 3-2: Foul Ball, location: 2F 3-2: Strikes out swinging
|
| Bottom of the 7th over - 0 runs, 1 hit, 0 errors, 1 left on base; Tulsa 0 - San Jose 0 |
| TOP OF THE 8TH |
|
Tulsa Drillers batting - Pitching for San Jose Giants : RHP Taylor Drews
|
|
Now in LF: Ian Richardson
|
|
|
Now in CF: Ryan Braden
|
|
|
Batting: LHB Umar Matoub
|
0-0: Ball 1-0: Foul Ball, location: 2F 1-1: Ball 2-1: Ground out 6-3 (Groundball, 6, EV 106.2 MPH)
|
|
Batting: RHB Jerry Blas
|
0-0: Ground out 2-3 (Groundball, 2L, EV 68.8 MPH)
|
|
Batting: LHB Joe Phillips
|
0-0: Ball 1-0: Ground out 6-3 (Groundball, 6, EV 90.0 MPH)
|
| Top of the 8th over - 0 runs, 0 hits, 0 errors, 0 left on base; Tulsa 0 - San Jose 0 |
| BOTTOM OF THE 8TH |
|
San Jose Giants batting - Pitching for Tulsa Drillers : RHP Andy Rodriguez
|
|
Batting: RHB Billy Pranger
|
0-0: Foul Ball, location: 2F 0-1: Ball 1-1: Ball 2-1: Foul Ball, location: 2F 2-2: Strikes out swinging
|
|
Batting: LHB Ryan Braden
|
0-0: Called Strike 0-1: Ball 1-1: Foul Ball, location: 2F 1-2: Strikes out swinging
|
|
Batting: SHB Mitchell Greene
|
0-0: Called Strike 0-1: Foul Ball, location: 2F 0-2: Ball 1-2: Ball 2-2: Ball 3-2: Base on Balls
|
|
Batting: RHB Guillermo Mojica
|
0-0: Called Strike 0-1: Ball 1-1: SINGLE (Groundball, 34S, EV 79.4 MPH) (infield hit) Mitchell Greene to second
|
|
Batting: RHB Mike Zepeda
|
0-0: Ball 1-0: Ground out 1-3 (Groundball, 13S, EV 69.4 MPH)
|
| Bottom of the 8th over - 0 runs, 1 hit, 0 errors, 2 left on base; Tulsa 0 - San Jose 0 |
| TOP OF THE 9TH |
|
Tulsa Drillers batting - Pitching for San Jose Giants : RHP Taylor Drews
|
|
Batting: LHB Randy Boone
|
0-0: Ball 1-0: Ball 2-0: Called Strike 2-1: Ground out 6-3 (Groundball, 6, EV 80.0 MPH)
|
|
Batting: LHB Cory Bowler
|
0-0: Foul Ball, location: 2F 0-1: Foul Ball, location: 2F 0-2: Ball 1-2: Ball 2-2: Ball 3-2: Base on Balls
|
|
Pitching: RHP Danny MacKinnon
|
|
|
Batting: SHB Ray Luna
|
0-0: Ball 1-0: SINGLE (Line Drive, 4M, EV 98.1 MPH) Cory Bowler to second
|
|
Batting: LHB Bobby Gonzalez
|
0-0: Ball 1-0: Swinging Strike 1-1: Ball 2-1: Ball 3-1: Called Strike 3-2: Strikes out swinging
|
|
Batting: LHB Nate Kee
|
0-0: Called Strike 0-1: Called Strike 0-2: Strikes out looking
|
| Top of the 9th over - 0 runs, 1 hit, 0 errors, 2 left on base; Tulsa 0 - San Jose 0 |
| BOTTOM OF THE 9TH |
|
San Jose Giants batting - Pitching for Tulsa Drillers : RHP Andy Rodriguez
|
|
Pitching: RHP Jeff Dailey
|
|
|
Batting: RHB Tony Mendez
|
0-0: Swinging Strike 0-1: Ball 1-1: Swinging Strike 1-2: Ball 2-2: Strikes out swinging
|
|
Batting: LHB Yeong-hun Joe
|
0-0: Called Strike 0-1: Called Strike 0-2: Strikes out looking
|
|
Pinch Hitting: LHB Steve Nevis
|
0-0: Called Strike 0-1: Ground out 6-3 (Groundball, 6, EV 85.0 MPH)
|
| Bottom of the 9th over - 0 runs, 0 hits, 0 errors, 0 left on base; Tulsa 0 - San Jose 0 |
| TOP OF THE 10TH |
|
Tulsa Drillers batting - Pitching for San Jose Giants : RHP Danny MacKinnon
|
|
Now in LF: Steve Nevis
|
|
|
Batting: RHB Justin Curran
|
0-0: Ball 1-0: Ball 2-0: Foul Ball, location: 2F 2-1: Foul Ball, location: 2F 2-2: Strikes out swinging
|
|
Batting: LHB Umar Matoub
|
0-0: Called Strike 0-1: Ball 1-1: Called Strike 1-2: Foul Ball, location: 2F 1-2: Ball 2-2: Strikes out swinging
|
|
Pinch Hitting: RHB Carlos Gonzalez
|
0-0: Ball 1-0: Called Strike 1-1: Ground out 6-3 (Groundball, 6, EV 91.9 MPH)
|
| Top of the 10th over - 0 runs, 0 hits, 0 errors, 0 left on base; Tulsa 0 - San Jose 0 |
| BOTTOM OF THE 10TH |
|
San Jose Giants batting - Pitching for Tulsa Drillers : RHP Jeff Dailey
|
|
Now at C: Bob Magana
|
|
|
Batting: RHB Laroya Foronda
|
0-0: Ground out 6-3 (Groundball, 6, EV 104.4 MPH)
|
|
Batting: RHB Billy Pranger
|
0-0: Ball 1-0: Foul Ball, location: 2F 1-1: Ground out 1-3 (Groundball, 13S, EV 65.6 MPH)
|
|
Batting: LHB Ryan Braden
|
0-0: Ball 1-0: Ball 2-0: SINGLE (Groundball, 5D, EV 106.9 MPH)
|
|
Batting: SHB Mitchell Greene
|
0-0: Swinging Strike 0-1: Ball 1-1: Ball 2-1: Called Strike 2-2: Fly out, F9 (Flyball, 9S, EV 97.5 MPH)
|
| Bottom of the 10th over - 0 runs, 1 hit, 0 errors, 1 left on base; Tulsa 0 - San Jose 0 |
| TOP OF THE 11TH |
|
Tulsa Drillers batting - Pitching for San Jose Giants : RHP Danny MacKinnon
|
|
Batting: LHB Joe Phillips
|
0-0: Called Strike 0-1: Swinging Strike 0-2: Ball 1-2: Strikes out swinging
|
|
Batting: LHB Randy Boone
|
0-0: Ground out 4-3 (Groundball, 4S, EV 79.4 MPH)
|
|
Batting: LHB Cory Bowler
|
0-0: Called Strike 0-1: Ball 1-1: Ball 2-1: SINGLE (Groundball, 56D, EV 101.9 MPH)
|
|
Batting: SHB Ray Luna
|
0-0: Ball 1-0: Ground out U3 (Groundball, 3S, EV 68.8 MPH)
|
| Top of the 11th over - 0 runs, 1 hit, 0 errors, 1 left on base; Tulsa 0 - San Jose 0 |
| BOTTOM OF THE 11TH |
|
San Jose Giants batting - Pitching for Tulsa Drillers : RHP Jeff Dailey
|
|
Batting: RHB Guillermo Mojica
|
0-0: Called Strike 0-1: Ball 1-1: Ball 2-1: Ball 3-1: Base on Balls
|
|
Batting: RHB Mike Zepeda
|
0-0: Sac Bunt to 25 - play at first, batter OUT! 5-3 Guillermo Mojica to second
|
|
Batting: RHB Tony Mendez
|
0-0: Intentional Walk
|
|
Batting: LHB Yeong-hun Joe
|
0-0: Ball 1-0: Called Strike 1-1: Ball 2-1: Swinging Strike 2-2: Foul Ball, location: 2F 2-2: Ball 3-2: Fielders Choice at 2nd, 1-4 (Groundball, 15S, EV 68.8 MPH) Guillermo Mojica to third
|
|
Pitching: RHP Jose Tavira
|
|
|
Batting: LHB Steve Nevis
|
0-0: Foul Ball, location: 2F 0-1: Called Strike 0-2: Strikes out swinging
|
| Bottom of the 11th over - 0 runs, 0 hits, 0 errors, 2 left on base; Tulsa 0 - San Jose 0 |
| TOP OF THE 12TH |
|
Tulsa Drillers batting - Pitching for San Jose Giants : RHP Danny MacKinnon
|
|
Pitching: RHP Mike Flynn
|
|
|
Batting: LHB Bobby Gonzalez
|
0-0: Ball 1-0: Ground out 4-3 (Groundball, 4, EV 84.4 MPH)
|
|
Batting: LHB Nate Kee
|
0-0: Fly out, F8 (Line Drive, 8RM, EV 95.6 MPH)
|
|
Batting: RHB Justin Curran
|
0-0: Called Strike 0-1: Called Strike 0-2: Strikes out swinging
|
| Top of the 12th over - 0 runs, 0 hits, 0 errors, 0 left on base; Tulsa 0 - San Jose 0 |
| BOTTOM OF THE 12TH |
|
San Jose Giants batting - Pitching for Tulsa Drillers : RHP Jose Tavira
|
|
Batting: RHB Laroya Foronda
|
0-0: Ball 1-0: Ball 2-0: Ball 3-0: Called Strike 3-1: Ground out 6-3 (Groundball, 56, EV 78.1 MPH)
|
|
Batting: RHB Billy Pranger
|
0-0: Ball 1-0: Swinging Strike 1-1: Ball 2-1: Fly out, F9 (Flyball, 9, EV 91.9 MPH)
|
|
Batting: LHB Ryan Braden
|
0-0: Fly out, F7 (Flyball, 7, EV 83.8 MPH)
|
| Bottom of the 12th over - 0 runs, 0 hits, 0 errors, 0 left on base; Tulsa 0 - San Jose 0 |
| TOP OF THE 13TH |
|
Tulsa Drillers batting - Pitching for San Jose Giants : RHP Mike Flynn
|
|
Batting: LHB Umar Matoub
|
0-0: Ball 1-0: Called Strike 1-1: Swinging Strike 1-2: Fly out, F8 (Flyball, 89M, EV 90.0 MPH)
|
|
Batting: RHB Bob Magana
|
0-0: Called Strike 0-1: Swinging Strike 0-2: Foul Ball, location: 2F 0-2: Ball 1-2: Strikes out looking
|
|
Batting: LHB Joe Phillips
|
0-0: Swinging Strike 0-1: Ball 1-1: Ball 2-1: Swinging Strike 2-2: Strikes out swinging
|
| Top of the 13th over - 0 runs, 0 hits, 0 errors, 0 left on base; Tulsa 0 - San Jose 0 |
| BOTTOM OF THE 13TH |
|
San Jose Giants batting - Pitching for Tulsa Drillers : RHP Jose Tavira
|
|
Batting: SHB Mitchell Greene
|
0-0: Ground out 3-1 (Groundball, 34S, EV 85.6 MPH)
|
|
Batting: RHB Guillermo Mojica
|
0-0: Foul Ball, location: 2F 0-1: Foul Ball, location: 2F 0-2: Foul Ball, location: 2F 0-2: Ball 1-2: Ball 2-2: SINGLE (Groundball, 6D, EV 95.6 MPH)
|
|
Batting: RHB Mike Zepeda
|
0-0: Ball 1-0: Swinging Strike 1-1: Called Strike 1-2: Foul Ball, location: 2F 1-2: Grounds into double play, 4-6-3 (Groundball, 4, EV 101.2 MPH)
|
| Bottom of the 13th over - 0 runs, 1 hit, 0 errors, 0 left on base; Tulsa 0 - San Jose 0 |
| TOP OF THE 14TH |
|
Tulsa Drillers batting - Pitching for San Jose Giants : RHP Mike Flynn
|
|
Batting: LHB Randy Boone
|
0-0: Fly out, F6 (Line Drive, 56D, EV 73.8 MPH)
|
|
Batting: LHB Cory Bowler
|
0-0: Swinging Strike 0-1: Reached on error, E4 (Groundball, 4, EV 105.0 MPH)
|
|
Batting: SHB Ray Luna
|
0-0: Ball 1-0: Called Strike 1-1: Foul Ball, location: 2F 1-2: Fly out, F7 (Flyball, 78S, EV 85.0 MPH)
|
|
Batting: LHB Bobby Gonzalez
|
0-0: Ground out 4-3 (Groundball, 4, EV 78.8 MPH)
|
| Top of the 14th over - 0 runs, 0 hits, 1 error, 1 left on base; Tulsa 0 - San Jose 0 |
| BOTTOM OF THE 14TH |
|
San Jose Giants batting - Pitching for Tulsa Drillers : RHP Jose Tavira
|
|
Pitching: RHP Shane Walker
|
|
|
Batting: RHB Tony Mendez
|
0-0: Swinging Strike 0-1: Called Strike 0-2: Strikes out swinging
|
|
Batting: LHB Yeong-hun Joe
|
0-0: Ball 1-0: Ball 2-0: Foul Ball, location: 2F 2-1: DOUBLE (Groundball, 3D, EV 101.9 MPH)
|
|
Batting: LHB Steve Nevis
|
0-0: Ball 1-0: Ball 2-0: Ball 3-0: Called Strike 3-1: SINGLE (Groundball, 34D, EV 107.5 MPH) Yeong-hun Joe to third Runner from 3rd tries for Home, SAFE, throw by RF to home
|
| Bottom of the 14th over - 1 run, 2 hits, 0 errors, 1 left on base; Tulsa 0 - San Jose 1 |
|